[Event "Titled Tuesday Blitz July 20 2021"]
[White "Shvedova, Alexandra"]
[Black "Al-Tarboush, Ward"]
[WhiteFideId "54154782"]
[BlackFideId "7601450"]
[WhiteElo "1887"]
[BlackElo "2319"]
[Result "0-1"]
[Round "07"]
[TimeControl "180+1"]
[Date "2021.07.21"]
[WhiteClock "0:00:11"]
[BlackClock "0:01:41"]

1. e4 b6 2. d4 Bb7 3. Bd3 Nf6 4. f3 Nc6 5. c3 e6 6. Be3 Be7 7. Nd2 Nh5 8. Ne2 O-O 9. Qc2 Bg5 10. f4 Bh6 11. O-O-O f5 12. exf5 exf5 13. Bxf5 Nf6 14. Bd3 Qe7 15. Nc4 b5 16. Ne5 d6 17. Bd2 dxe5 18. dxe5 Ng4 19. Bxh7+ Kh8 20. Rdf1 Rad8 21. h3 Ngxe5 22. g4 Nc4 23. Bd3 Ne3 24. Bxe3 Qxe3+ 25. Kb1 Qxd3 26. Qxd3 Rxd3 27. g5 Na5 28. gxh6 Bxh1 29. hxg7+ Kxg7 30. Rxh1 Nc4 31. Rg1+ Kf6 32. Nd4 Rd2 33. f5 Rxb2+ 34. Ka1 Rf2 35. Rg6+ Kf7 36. Rg1 Rg8 37. Re1 Rgg2 38. Kb1 Rxa2 39. Nb3 Na3+ 40. Kc1 Rac2+ 41. Kd1 Nc4 42. Re7+ Kxe7 43. f6+ Kxf6 44. h4 Ne3+ 45. Ke1 Rge2# 0-1


[Site "https://www.chess.com"]

[Event "Titled Tuesday Blitz July 20 2021"]
[White "Sinitsina, Anastassia"]
[Black "Mohammad Fahad, Rahman"]
[WhiteFideId "4504640"]
[BlackFideId "10207791"]
[WhiteElo "2204"]
[BlackElo "2323"]
[Result "0-1"]
[Round "07"]
[TimeControl "180+1"]
[Date "2021.07.21"]
[WhiteClock "0:00:25"]
[BlackClock "0:00:36"]

1. Nf3 Nf6 2. g3 g6 3. Bg2 Bg7 4. O-O O-O 5. d4 d6 6. c4 Nc6 7. d5 Na5 8. Nfd2 c5 9. e4 a6 10. Nc3 Rb8 11. a4 b6 12. Re1 e6 13. h3 Re8 14. Ra3 exd5 15. Nxd5 Nxd5 16. exd5 Rxe1+ 17. Qxe1 Bf5 18. Re3 h5 19. b3 Bd4 20. Re7 Kf8 21. Re2 Qd7 22. Nf3 Nxb3 23. Bh6+ Kg8 24. Re7 Qd8 25. Nxd4 Nxd4 26. Bg5 Qf8 27. Bf6 b5 28. axb5 axb5 29. cxb5 Nxb5 30. Qe2 Nd4 31. Bxd4 cxd4 32. g4 hxg4 33. hxg4 Bxg4 34. Qe4 Bf5 35. Qh4 d3 36. Bf3 d2 37. Kg2 Rb1 0-1


[Site "https://www.chess.com"]

[Event "Titled Tuesday Blitz July 20 2021"]
[White "Siva Mahadevan"]
[Black "Trent, Lawrence"]
[WhiteFideId "25043153"]
[BlackFideId "408638"]
[WhiteElo "2203"]
[BlackElo "2474"]
[Result "0-1"]
[Round "07"]
[TimeControl "180+1"]
[Date "2021.07.20"]
[WhiteClock "0:00:27"]
[BlackClock "0:00:09"]

1. e4 c5 2. Nf3 Nc6 3. Nc3 e6 4. d4 cxd4 5. Nxd4 Nf6 6. Ndb5 Bc5 7. Nd6+ Ke7 8. Bf4 e5 9. Nf5+ Kf8 10. Bg5 d6 11. Bc4 Be6 12. Bb3 h6 13. Bxf6 Qxf6 14. Nd5 Bxd5 15. Qxd5 g6 16. Ne3 Kg7 17. O-O h5 18. c3 a6 19. Rad1 Rac8 20. Kh1 b5 21. Qd3 Rhd8 22. Nd5 Qh4 23. f4 exf4 24. Rxf4 Qg5 25. Rdf1 Ne5 26. Qh3 Rb8 27. Nc7 Rb7 28. Rxf7+ Kh6 29. Bd5 Ra7 30. Rg7 Rf8 31. g3 Qe3 32. Ne6 Rxf1+ 33. Qxf1 Rxg7 34. Nxg7 Kxg7 35. b4 Bb6 36. a4 bxa4 37. Kg2 Qd2+ 38. Kh3 Qg5 39. Qxa6 Qg4+ 40. Kg2 Qf3+ 41. Kh3 Be3 42. Qb7+ Kh6 43. Qb8 Qf1+ 44. Kh4 Bg5# 0-1


[Site "https://www.chess.com"]

[Event "Titled Tuesday Blitz July 20 2021"]
[White "Skatchkov, Valery"]
[Black "Zaksaite, Salomeja"]
[WhiteFideId "24195812"]
[BlackFideId "12801496"]
[WhiteElo "2199"]
[BlackElo "2002"]
[Result "1/2-1/2"]
[Round "07"]
[TimeControl "180+1"]
[Date "2021.07.21"]
[WhiteClock "0:02:59"]
[BlackClock "0:02:48"]

1. d4 Nf6 2. c4 g6 3. Nf3 Bg7 4. g3 O-O 5. Bg2 d5 6. cxd5 Nxd5 7. O-O Nb6 8. Nc3 Nc6 9. e3 e5 10. Re1 exd4 11. exd4 Nxd4 12. Bf4 1/2-1/2


[Site "https://www.chess.com"]

[Event "Titled Tuesday Blitz July 20 2021"]
[White "Song, Michael"]
[Black "Ozen, Bahadir"]
[WhiteFideId "2613190"]
[BlackFideId "6337058"]
[WhiteElo "2274"]
[BlackElo "2503"]
[Result "1/2-1/2"]
[Round "07"]
[TimeControl "180+1"]
[Date "2021.07.20"]
[WhiteClock "0:02:19"]
[BlackClock "0:01:28"]

1. d4 d5 2. c4 c6 3. Nf3 Nf6 4. e3 e6 5. Nc3 Nbd7 6. Bd3 dxc4 7. Bxc4 b5 8. Be2 Bb7 9. O-O a6 10. Nd2 c5 11. Bf3 Bxf3 12. Nxf3 Be7 13. d5 exd5 14. Nxd5 O-O 15. Nxe7+ Qxe7 16. b3 Rfd8 17. Bb2 Ne4 18. Qe2 Rac8 19. Rac1 Ndf6 20. h3 Rd5 21. Rfd1 Rcd8 22. Rxd5 Rxd5 23. Rd1 Qd6 24. Rxd5 Qxd5 25. Bxf6 Nxf6 1/2-1/2


[Site "https://www.chess.com"]

[Event "Titled Tuesday Blitz July 20 2021"]
[White "Terletsky, Oleg"]
[Black "Przybylski, Wojciech"]
[WhiteFideId "14116774"]
[BlackFideId "1117599"]
[WhiteElo "2094"]
[BlackElo "2317"]
[Result "0-1"]
[Round "07"]
[TimeControl "180+1"]
[Date "2021.07.21"]
[WhiteClock "0:00:01"]
[BlackClock "0:00:05"]

1. e4 e5 2. Nf3 Nc6 3. Nc3 Nf6 4. d4 exd4 5. Nxd4 d6 6. Nxc6 bxc6 7. Bd3 g6 8. O-O Bg7 9. Bg5 h6 10. Bh4 O-O 11. f4 Rb8 12. Rb1 Re8 13. Qd2 Qd7 14. h3 Nh7 15. g4 g5 16. fxg5 Nxg5 17. Bxg5 hxg5 18. Qxg5 Qe7 19. Qxe7 Rxe7 20. Nd1 d5 21. exd5 cxd5 22. b3 c5 23. Nf2 Bc3 24. Rbd1 Bb7 25. Bf5 Kg7 26. Nd3 Bd4+ 27. Kg2 Re2+ 28. Kg3 Rbe8 29. Nf4 R2e3+ 30. Rf3 Ba6 31. Bd3 Rxf3+ 32. Kxf3 Bb7 33. Nh5+ Kh6 34. Ng3 Bc8 35. Nf5+ Bxf5 36. Bxf5 Re3+ 37. Kg2 Re2+ 38. Kf3 Re3+ 39. Kg2 Kg5 40. Rd3 Re2+ 41. Kf3 Rh2 42. Kg3 Be5+ 43. Kf3 Rxh3+ 44. Ke2 Rh2+ 45. Kd1 d4 46. Bd7 Bf4 47. Bb5 Rh1+ 48. Ke2 Rh2+ 49. Kd1 Kxg4 50. Bc4 Be3 51. Bxf7 Rh1+ 52. Ke2 Rh2+ 53. Kd1 Kf3 54. Bd5+ Kf2 55. c4 Rh4 56. Kc2 Rg4 57. Rd1 Ke2 58. Rh1 d3+ 59. Kc3 d2 60. Kb2 Kd3 61. Rd1 Rd4 62. Be6 Rf4 63. Bg8 Rf2 0-1


[Site "https://www.chess.com"]

[Event "Titled Tuesday Blitz July 20 2021"]
[White "Timmermans, Mark"]
[Black "Prraneeth Vuppala"]
[WhiteFideId "1026399"]
[BlackFideId "46622373"]
[WhiteElo "2460"]
[BlackElo "1759"]
[Result "1-0"]
[Round "07"]
[TimeControl "180+1"]
[Date "2021.07.20"]
[WhiteClock "0:00:34"]
[BlackClock "0:00:14"]

1. b4 e6 2. Bb2 Nf6 3. b5 d5 4. e3 Bd6 5. a4 e5 6. c4 c6 7. Nf3 e4 8. Nd4 O-O 9. cxd5 cxd5 10. Be2 Nbd7 11. f4 exf3 12. Nxf3 Nc5 13. O-O Bg4 14. h3 Bxf3 15. Bxf3 Nfe4 16. Nc3 Bc7 17. Ne2 Nd3 18. Ba3 Re8 19. Qc2 Ne5 20. Bxe4 dxe4 21. Qxe4 Qxd2 22. Qxb7 Qxe3+ 23. Kh1 Rac8 24. Ng1 Qg3 25. Ne2 Qe3 26. Nf4 Nc4 27. Nd5 Qe5 28. Nxc7 Rxc7 29. Qf3 Nd2 30. Qf4 Nxf1 31. Qxe5 Rxe5 32. Bd6 Rec5 33. Bxc7 Rxc7 34. Rxf1 Rc4 35. a5 g6 36. Rd1 Rc7 37. Rd8+ Kg7 38. Rb8 Rc5 39. Kg1 h5 40. Kf2 Kf6 41. Ke3 Ke6 42. Kd4 Rd5+ 43. Kc4 h4 44. Rb7 Rd7 45. Rxd7 Kxd7 46. Kc5 Kc7 47. Kd5 g5 48. Ke5 Kd7 49. Kf6 Kd6 50. Kxf7 Kc5 51. b6 axb6 52. axb6 Kxb6 53. Kf6 g4 54. hxg4 Kc6 55. Kg5 Kd6 56. Kxh4 Ke6 57. Kh5 Kf7 58. g5 Kg7 59. g6 Kg8 60. Kh6 Kh8 61. g7+ Kg8 62. g3 Kf7 63. Kh7 Kf6 64. g8=Q 1-0


[Site "https://www.chess.com"]

[Event "Titled Tuesday Blitz July 20 2021"]
[White "Tomaszewski, Kacper"]
[Black "Nguyen, Hong Anh"]
[WhiteFideId "1127373"]
[BlackFideId "12406732"]
[WhiteElo "2162"]
[BlackElo "1974"]
[Result "1-0"]
[Round "07"]
[TimeControl "180+1"]
[Date "2021.07.21"]
[WhiteClock "0:00:21"]
[BlackClock "0:00:28"]

1. d4 Nf6 2. c4 g6 3. Nc3 d5 4. Nf3 Bg7 5. cxd5 Nxd5 6. Bg5 c6 7. e4 Nxc3 8. bxc3 O-O 9. Be2 Nd7 10. O-O Nf6 11. e5 Nd5 12. Qd2 b5 13. a4 a6 14. axb5 cxb5 15. Bxb5 Bb7 16. Be2 Qc7 17. c4 Nb6 18. Rfc1 Rad8 19. Qe3 Bxf3 20. Bxf3 Nxc4 21. Qe2 Rxd4 22. Be3 Rdd8 23. Qxc4 Qxe5 24. Rxa6 Bf6 25. g3 h5 26. h4 Qf5 27. Kg2 Rc8 28. Rc6 Rxc6 29. Qxc6 Kg7 30. Qe4 Qb5 31. Rc5 Qb2 32. Qf4 Rd8 33. Rd5 Rc8 34. Bd4 Bxd4 35. Qxd4+ Qxd4 36. Rxd4 Rc7 37. Rb4 f6 38. Rb7 Rxb7 39. Bxb7 g5 40. Bf3 Kg6 41. Be4+ f5 42. Bc6 f4 43. gxf4 gxf4 44. Be8+ Kf5 45. Bxh5 e5 46. Be8 Kg4 47. h5 Kg5 48. Kf3 Kf5 49. h6 e4+ 50. Ke2 Kf6 51. h7 Kg7 52. Bg6 e3 53. f3 Kh8 54. Bd3 Kg7 55. Ke1 Kh8 56. Kd1 Kg7 57. Kc2 e2 58. Kd2 e1=Q+ 59. Kxe1 Kh8 60. Kd2 Kg7 61. Kc3 Kh8 62. Kd4 Kg7 63. Ke5 Kh8 64. Kxf4 Kg7 65. Kg5 Kh8 66. Kf5 Kg7 67. Ke6 Kh8 68. Ke7 Kg7 69. f4 Kh8 70. f5 Kg7 71. f6+ Kh8 72. f7 Kg7 73. f8=Q# 1-0


[Site "https://www.chess.com"]

[Event "Titled Tuesday Blitz July 20 2021"]
[White "Trakru, Rohun"]
[Black "Karthikeyan, Murali"]
[WhiteFideId "2097613"]
[BlackFideId "5074452"]
[WhiteElo "2539"]
[BlackElo "2734"]
[Result "0-1"]
[Round "07"]
[TimeControl "180+1"]
[Date "2021.07.21"]
[WhiteClock "0:00:04"]
[BlackClock "0:00:09"]

1. d4 Nf6 2. Bg5 d5 3. Bxf6 gxf6 4. e3 e5 5. c4 exd4 6. Qxd4 Nc6 7. Qxd5 Qxd5 8. cxd5 Nb4 9. Na3 Nxd5 10. O-O-O Be6 11. Nb5 a6 12. Nd4 O-O-O 13. g3 Bh6 14. Nxe6 fxe6 15. Bh3 f5 16. a3 Rd6 17. Ne2 Rhd8 18. Nf4 Bxf4 19. exf4 Nf6 20. Rxd6 Rxd6 21. Bg2 c5 22. Bf3 Kc7 23. Re1 b5 24. Re5 Nd7 25. Re2 c4 26. Kc2 Nc5 27. h3 Nb3 28. Re3 Nd4+ 29. Kc3 Nxf3 30. Rxf3 Kc6 31. g4 Kc5 32. g5 a5 33. h4 b4+ 34. axb4+ axb4+ 35. Kc2 Rd4 36. h5 Rd7 37. g6 hxg6 38. hxg6 Rg7 39. Rg3 Kd4 40. Kd2 Kd5 41. Kc2 Kc5 42. Kd2 Kd4 43. Kc2 Rg8 44. g7 Ke4 45. Re3+ Kxf4 46. Rxe6 Rxg7 47. Rc6 c3 48. bxc3 bxc3 49. Rxc3 Rg2 50. Kd1 Rxf2 51. Ke1 Rf3 52. Rc8 Kg3 53. Rg8+ Kf4 54. Ke2 Ra3 55. Kf2 Ra2+ 56. Ke1 Kf3 57. Rc8 Ra1+ 58. Kd2 f4 59. Rg8 Kf2 60. Rf8 f3 61. Kd3 Kg2 62. Ke3 Re1+ 63. Kd2 f2 64. Rg8+ Kf1 65. Rf8 Kg2 66. Rg8+ Kh3 67. Rf8 f1=Q 0-1


[Site "https://www.chess.com"]

[Event "Titled Tuesday Blitz July 20 2021"]
[White "Tristan, Leonardo"]
[Black "DominikPedzich"]
[WhiteFideId "113816"]
[WhiteElo "2404"]
[BlackElo "2427"]
[Result "1-0"]
[Round "07"]
[TimeControl "180+1"]
[Date "2021.07.21"]
[WhiteClock "0:00:49"]
[BlackClock "0:00:01"]

1. d4 Nf6 2. Bg5 Ne4 3. Bf4 c5 4. f3 Nf6 5. dxc5 Qa5+ 6. Nc3 Qxc5 7. e4 d6 8. Qd2 Nc6 9. O-O-O Be6 10. Kb1 Rc8 11. Nge2 a6 12. Nc1 Ne5 13. Nb3 Qc7 14. Nd5 Bxd5 15. exd5 g6 16. c3 h5 17. Be2 Bg7 18. h3 Nc4 19. Qe1 Kf8 20. Bc1 Nb6 21. g4 Nfxd5 22. c4 Nf6 23. g5 Nfd7 24. Na5 Na4 25. Qb4 Ndc5 26. f4 b5 27. cxb5 axb5 28. Bxb5 Rb8 29. Nc4 Qb7 30. Na3 Kg8 31. Rh2 Kh7 32. f5 Rhc8 33. fxg6+ fxg6 34. Rc2 Qa7 35. Be3 Nxb2 36. Rxb2 Bxb2 37. Qxb2 1-0


[Site "https://www.chess.com"]

[Event "Titled Tuesday Blitz July 20 2021"]
[White "Tronenkovs, Valdis"]
[Black "Mortazavi, Ali"]
[WhiteFideId "11601558"]
[BlackFideId "401323"]
[WhiteElo "2232"]
[BlackElo "2339"]
[Result "1-0"]
[Round "07"]
[TimeControl "180+1"]
[Date "2021.07.21"]
[WhiteClock "0:00:05"]
[BlackClock "0:00:03"]

1. e4 c6 2. Nc3 d5 3. Nf3 dxe4 4. Nxe4 Nf6 5. Qe2 Be6 6. d3 Qc7 7. Nxf6+ exf6 8. Nd4 Qd7 9. Nxe6 Qxe6 10. g3 Bd6 11. Bh3 Qxe2+ 12. Kxe2 O-O 13. Re1 Na6 14. Bd2 Rad8 15. Kf3 Nc5 16. Bf4 Bxf4 17. Kxf4 Rfe8 18. Re3 Na4 19. Rae1 Rxe3 20. fxe3 g6 21. Rb1 Kf8 22. e4 Ke7 23. Ke3 a5 24. c3 c5 25. d4 Nb6 26. b3 cxd4+ 27. cxd4 Kd6 28. Rc1 Re8 29. Kd3 f5 30. e5+ Kd7 31. Bg2 Rb8 32. Rc5 a4 33. Rb5 Kc7 34. b4 Re8 35. Rc5+ Kb8 36. Rb5 Ka7 37. Ra5+ Kb8 38. Rc5 Re6 39. h4 f6 40. Bd5 Nxd5 41. Rxd5 fxe5 42. dxe5 Kc7 43. Kd4 Kc6 44. Rc5+ Kb6 45. Kd5 Re8 46. e6 h6 47. Kd6 g5 48. hxg5 hxg5 49. Rxf5 1-0


[Site "https://www.chess.com"]

[Event "Titled Tuesday Blitz July 20 2021"]
[White "Tsyhanchuk_Stanislav"]
[Black "Nguyen, Hong Ngoc"]
[BlackFideId "12403083"]
[WhiteElo "2482"]
[BlackElo "1830"]
[Result "0-1"]
[Round "07"]
[TimeControl "180+1"]
[Date "2021.07.21"]
[WhiteClock "0:00:01"]
[BlackClock "0:00:41"]

1. e4 d6 2. d4 Nf6 3. Nc3 g6 4. f4 Bg7 5. Nf3 Bg4 6. Be3 d5 7. exd5 Nxd5 8. Nxd5 Qxd5 9. Be2 O-O 10. O-O c6 11. Qd2 Nd7 12. c4 Qd6 13. Ne5 Bxe2 14. Qxe2 Nf6 15. Qf3 e6 16. Rad1 Rfd8 17. h3 Qb4 18. b3 a5 19. Bd2 Qa3 20. Bc1 Qxa2 21. Rf2 Qb1 22. Re1 a4 23. Rb2 Qa1 24. b4 a3 25. Rd2 Rxd4 26. Qe3 Rxd2 27. Bxd2 Qb2 28. Bc3 Qb3 29. Qd3 a2 0-1


[Site "https://www.chess.com"]

[Event "Titled Tuesday Blitz July 20 2021"]
[White "Turgut, Aydin"]
[Black "Gubajdullin, Alexei"]
[WhiteFideId "2078791"]
[BlackFideId "4141202"]
[WhiteElo "2138"]
[BlackElo "2403"]
[Result "1-0"]
[Round "07"]
[TimeControl "180+1"]
[Date "2021.07.21"]
[WhiteClock "0:00:38"]
[BlackClock "0:00:32"]

1. e4 g6 2. d4 Bg7 3. Nc3 d6 4. Be3 c6 5. h4 h6 6. Qd2 b5 7. Nf3 b4 8. Ne2 Nf6 9. Ng3 a5 10. Bd3 Ng4 11. h5 Nxe3 12. Qxe3 g5 13. e5 d5 14. O-O e6 15. Nh2 Nd7 16. Ng4 c5 17. c3 Ba6 18. Bxa6 Rxa6 19. f4 gxf4 20. Qxf4 Qe7 21. Rf2 a4 22. Raf1 Rf8 23. Nxh6 a3 24. Nhf5 exf5 25. Nxf5 Bxe5 26. dxe5 Qxe5 27. Qf3 Re6 28. cxb4 axb2 29. bxc5 Nxc5 30. Qa3 Ne4 31. Rxb2 Rh8 32. Qa8+ Kd7 33. Rb7+ Kc6 34. Qa6+ Kc5 35. Qb5# 1-0


[Site "https://www.chess.com"]

[Event "Titled Tuesday Blitz July 20 2021"]
[White "Tymrakiewicz, Rafal"]
[Black "Tologon tegin, Semetei"]
[WhiteFideId "1108832"]
[BlackFideId "13800574"]
[WhiteElo "2172"]
[BlackElo "2224"]
[Result "0-1"]
[Round "07"]
[TimeControl "180+1"]
[Date "2021.07.21"]
[WhiteClock "0:00:05"]
[BlackClock "0:00:02"]

1. d4 Nf6 2. Bg5 d5 3. e3 c5 4. c3 Nc6 5. Nd2 e5 6. Bb5 cxd4 7. cxd4 exd4 8. exd4 Be7 9. Ngf3 O-O 10. O-O Bg4 11. h3 Nxd4 12. Nxd4 Bxd1 13. Raxd1 Ne4 14. Nxe4 Bxg5 15. Nc3 Bf6 16. Nce2 Qb6 17. Rd2 Rfd8 18. Rfd1 Rac8 19. Ba4 g6 20. g3 Rc4 21. Bb3 Rb4 22. Nc2 Rxb3 23. axb3 Qxb3 24. Ncd4 Qb4 25. h4 h5 26. Kg2 a5 27. Nc2 Qxb2 28. Ne3 Qe5 29. Nf4 d4 30. Nc4 Qe4+ 31. f3 Qf5 32. Rd3 a4 33. Rb1 b5 34. Nd2 g5 35. hxg5 Bxg5 36. Ne4 Bxf4 37. gxf4 Kh8 38. Rh1 Rg8+ 39. Kf2 Rg6 40. Rxd4 Qxf4 41. Rd5 Kg7 42. Rdxh5 a3 43. Rh7+ Kf8 44. R1h4 Qe5 45. R4h5 Qd4+ 0-1


[Site "https://www.chess.com"]

[Event "Titled Tuesday Blitz July 20 2021"]
[White "Vasli, Aref"]
[Black "Dolzhykova, Kateryna"]
[WhiteFideId "417521"]
[BlackFideId "14113414"]
[WhiteElo "2257"]
[BlackElo "2151"]
[Result "0-1"]
[Round "07"]
[TimeControl "180+1"]
[Date "2021.07.21"]
[WhiteClock "0:00:03"]
[BlackClock "0:00:22"]

1. Nf3 Nf6 2. b3 g6 3. Bb2 Bg7 4. e3 O-O 5. Be2 c5 6. O-O b6 7. d4 d6 8. Nbd2 Bb7 9. c4 e6 10. Qc2 Nbd7 11. Rad1 Qe7 12. Rfe1 Rfd8 13. Bd3 Rac8 14. Ne4 Nxe4 15. Bxe4 d5 16. Bd3 cxd4 17. exd4 dxc4 18. bxc4 Bxf3 19. gxf3 Nb8 20. Kh1 Nc6 21. d5 Nb4 22. Ba3 Nxc2 23. Bxe7 Nxe1 24. Rxe1 Rd7 25. Bb4 exd5 26. cxd5 Rxd5 27. Ba6 Rcd8 28. Kg2 Bf8 29. Bc3 Bc5 30. a4 Rg5+ 31. Kf1 Rf5 32. Kg2 Rf4 33. Bb5 Bb4 34. Bxb4 Rxb4 35. Re7 a6 36. Bxa6 Rxa4 37. Bf1 Rad4 38. Kg3 R8d7 39. Re8+ Kg7 40. h4 h5 41. f4 b5 42. Bxb5 Rd8 43. Re7 Kf8 44. Rb7 Rb4 45. Bc6 Rxb7 46. Bxb7 Ke7 47. f5 Kf6 48. fxg6 fxg6 49. Be4 Rd4 50. Kf4 Rb4 51. f3 Rb2 52. Kg3 g5 53. hxg5+ Kxg5 54. Bd5 h4+ 55. Kh3 Rf2 56. Bc6 Kf4 57. Bd7 Rd2 58. Bg4 Kg5 59. Bc8 Rd8 60. Bg4 Ra8 61. Bd7 Ra3 62. Bg4 Kf4 63. Kxh4 Ra1 64. Kh3 Ra2 65. Bh5 Rb2 66. Bg4 Rf2 67. Bh5 Rf1 68. Kg2 Ra1 69. Bg4 Ra2+ 70. Kh3 Ra8 71. Kg2 Rh8 72. Bh3 Kg5 73. Kg3 Ra8 74. f4+ Kf6 75. Bg2 Ra3+ 76. Kg4 Ra4 77. Bf3 Rb4 78. Bd5 Ke7 79. Kf5 Rb5 80. Ke5 Rb1 81. f5 Re1+ 82. Be4 Re2 83. f6+ Kf7 0-1


[Site "https://www.chess.com"]

[Event "Titled Tuesday Blitz July 20 2021"]
[White "Vdovin, Vadim"]
[Black "Ivanov, Mike"]
[WhiteFideId "24107158"]
[BlackFideId "2613158"]
[WhiteElo "2406"]
[BlackElo "2197"]
[Result "1/2-1/2"]
[Round "07"]
[TimeControl "180+1"]
[Date "2021.07.21"]
[WhiteClock "0:00:05"]
[BlackClock "0:00:05"]

1. e4 e6 2. d4 d5 3. Nc3 Bb4 4. e5 Bf8 5. Nf3 c5 6. Ne2 Nc6 7. c3 Qb6 8. a3 a5 9. Nf4 a4 10. h4 Qb3 11. Qd2 cxd4 12. cxd4 Bd7 13. Rh3 Nb4 14. Bd3 Nxd3+ 15. Qxd3 Qxd3 16. Nxd3 Rc8 17. Bd2 Bb5 18. Ng1 Ne7 19. Ne2 Nc6 20. Bc3 b6 21. Kd2 Be7 22. Rc1 O-O 23. f4 Bc4 24. h5 h6 25. g4 b5 26. Re3 Rb8 27. Rg1 b4 28. axb4 Nxb4 29. Nxb4 Bxb4 30. g5 a3 31. bxa3 Bxc3+ 32. Nxc3 Rb2+ 33. Ke1 hxg5 34. Rxg5 Rfb8 35. Reg3 Kf8 36. Rxg7 Ke7 37. f5 exf5 38. Rg8 R8b3 39. Nd1 Rb1 40. h6 Rxg3 41. Rxg3 Bb3 42. Rd3 Bxd1 43. Rxd1 Rb3 44. Ra1 Rh3 45. a4 Rxh6 46. Kf2 Ra6 47. a5 Kd7 48. Kf3 Kc6 49. Kf4 Kb5 50. Kxf5 Kc4 51. Ra4+ Kb3 52. Ra1 Kc4 53. Rd1 Rxa5 54. Kf6 Ra7 55. Rd2 Kc3 56. Rd1 Kc4 57. Rd2 Kc3 58. Rd1 Kc4 1/2-1/2


[Site "https://www.chess.com"]

[Event "Titled Tuesday Blitz July 20 2021"]
[White "Vusatiuk, Vladimir"]
[Black "Ezat, Mohamed"]
[WhiteFideId "14118610"]
[BlackFideId "10600906"]
[WhiteElo "2167"]
[BlackElo "2414"]
[Result "0-1"]
[Round "07"]
[TimeControl "180+1"]
[Date "2021.07.21"]
[WhiteClock "0:01:01"]
[BlackClock "0:01:47"]

1. d4 d6 2. Nf3 Nf6 3. g3 g6 4. Bg2 Bg7 5. O-O O-O 6. c4 Nc6 7. Nc3 Bg4 8. h3 Bxf3 9. Bxf3 Nd7 10. d5 Nce5 11. Bg2 Nxc4 12. a4 a5 13. e4 c5 14. Qb3 Ncb6 15. Nb5 c4 16. Qc2 Nc5 17. Be3 Rc8 18. Rfd1 Qd7 19. Kh2 Nbxa4 20. Rxa4 Qxb5 21. Rxc4 Qxb2 22. Qxb2 Bxb2 23. Rb1 Ba3 24. Bxc5 Bxc5 25. Rxb7 Bxf2 26. Ra4 Rc3 27. g4 Bg3+ 28. Kg1 Rfc8 29. Rxa5 Rc1+ 30. Bf1 R8c2 31. Ra8+ Kg7 32. Rxe7 Bh2+ 33. Kh1 Rxf1# 0-1


[Site "https://www.chess.com"]

[Event "Titled Tuesday Blitz July 20 2021"]
[White "Wieczorek, Zbigniew"]
[Black "Odinaev, Timur"]
[WhiteFideId "1102001"]
[BlackFideId "4163770"]
[WhiteElo "2289"]
[BlackElo "2306"]
[Result "1-0"]
[Round "07"]
[TimeControl "180+1"]
[Date "2021.07.21"]
[WhiteClock "0:00:18"]
[BlackClock "0:00:07"]

1. d4 Nf6 2. c4 c5 3. d5 e6 4. Nc3 exd5 5. cxd5 d6 6. e4 g6 7. f3 Bg7 8. Bg5 O-O 9. Qd2 h6 10. Be3 h5 11. Nge2 a6 12. a4 Nbd7 13. Nd1 Ne5 14. Nec3 Re8 15. Be2 h4 16. O-O h3 17. g3 Bd7 18. a5 Rb8 19. Nf2 b5 20. axb6 Rxb6 21. Rfb1 Qe7 22. Bg5 Bb5 23. Nxb5 axb5 24. b4 c4 25. Ra5 Qd7 26. Be3 Rb7 27. Bd4 Kh7 28. Rba1 Nh5 29. Qc3 f6 30. f4 Nf7 31. Bg4 Qe7 32. Be6 Nd8 33. f5 Nxe6 34. dxe6 Bh6 35. Ng4 Bg5 36. Ra7 Reb8 37. Rxb7 Rxb7 38. Qf3 Ng7 39. Ne3 gxf5 40. exf5 Rc7 41. Nd5 Qe8 42. Bxf6 Rc8 43. Bxg5 Qh5 44. Nf6+ 1-0


[Site "https://www.chess.com"]

[Event "Titled Tuesday Blitz July 20 2021"]
[White "Woodward, Andy"]
[Black "Ibrahimli, Murad"]
[WhiteFideId "30953499"]
[BlackFideId "13410229"]
[WhiteElo "2137"]
[BlackElo "2109"]
[Result "0-1"]
[Round "07"]
[TimeControl "180+1"]
[Date "2021.07.20"]
[WhiteClock "0:00:10"]
[BlackClock "0:00:19"]

1. d4 Nf6 2. c4 g6 3. Nc3 Bg7 4. g3 O-O 5. Bg2 d6 6. Nf3 Nc6 7. O-O a6 8. h3 Rb8 9. e4 b5 10. cxb5 axb5 11. Re1 b4 12. Nd5 Nd7 13. Bg5 h6 14. Rc1 hxg5 15. Rxc6 Bb7 16. Rc4 c5 17. dxc5 Nxc5 18. Rxb4 e6 19. Nc3 Bc6 20. a3 Qe7 21. Nd4 Bd7 22. Nc2 Rxb4 23. axb4 Na6 24. Qd3 Nc7 25. Rd1 Be5 26. Ne3 d5 27. exd5 Qxb4 28. Nc4 Bg7 29. d6 Nb5 30. Nb6 Nxc3 31. Nxd7 Nxd1 32. Nxf8 Qe1+ 33. Kh2 Nxf2 34. Qb5 Bxf8 35. Qe8 Ne4 36. Bxe4 Qxe4 37. d7 Qe2+ 38. Kh1 Qf1+ 39. Kh2 Qe2+ 40. Kh1 Qd1+ 41. Kh2 Qc2+ 42. Kh1 Qb1+ 43. Kh2 Qxb2+ 44. Kh1 Qc1+ 45. Kg2 Qd2+ 46. Kh1 Qe1+ 47. Kg2 Qe2+ 48. Kg1 Kg7 49. Qxf8+ Kxf8 50. d8=Q+ Kg7 51. Qxg5 Qf3 52. Qe5+ Qf6 53. Qe3 e5 54. Kg2 Qf5 55. h4 e4 56. Qd4+ Kh7 57. Qe3 Qe5 58. g4 Kg7 59. h5 gxh5 60. gxh5 Qf5 61. Kg3 Kh7 62. Kh4 f6 63. Qa7+ Kh6 64. Qc7 Qxh5+ 65. Kg3 Qe5+ 66. Qxe5 fxe5 67. Kf2 Kg5 68. Ke3 Kf5 69. Ke2 Kf4 70. Kf2 e3+ 71. Ke2 Ke4 72. Ke1 Kd3 73. Kd1 e4 74. Ke1 e2 75. Kf2 Kd2 76. Kg3 e1=Q+ 77. Kg4 Qf2 78. Kg5 e3 79. Kg4 e2 80. Kh3 e1=Q 81. Kg4 Qeg1+ 82. Kh3 Qfh2# 0-1


[Site "https://www.chess.com"]

[Event "Titled Tuesday Blitz July 20 2021"]
[White "Yaran, Siar"]
[Black "Saravana, Krishnan P."]
[WhiteFideId "6323006"]
[BlackFideId "5018382"]
[WhiteElo "1977"]
[BlackElo "2245"]
[Result "1-0"]
[Round "07"]
[TimeControl "180+1"]
[Date "2021.07.21"]
[WhiteClock "0:00:11"]
[BlackClock "0:00:02"]

1. e4 c6 2. d4 d5 3. Nc3 dxe4 4. Nxe4 Nf6 5. Nxf6+ exf6 6. c3 Bd6 7. Bd3 O-O 8. Qc2 Re8+ 9. Ne2 h5 10. O-O Qc7 11. h3 Nd7 12. Ng3 Bxg3 13. fxg3 Nf8 14. Bf4 Qd8 15. Rf2 Be6 16. Raf1 c5 17. dxc5 Rc8 18. b4 b6 19. Ba6 bxc5 20. Bxc8 Qxc8 21. b5 Ng6 22. c4 Qb7 23. a4 Rd8 24. Rd2 Rxd2 25. Bxd2 Ne5 26. Be3 Bxc4 27. Rd1 g6 28. Bxc5 Be6 29. Rd8+ Kh7 30. Bd4 Qe7 31. Ra8 Qb4 32. Qf2 Nd7 33. Rxa7 h4 34. gxh4 Bf5 35. Rxd7 Qb1+ 36. Kh2 Qg1+ 37. Kxg1 Bxd7 38. Qxf6 1-0


[Site "https://www.chess.com"]

[Event "Titled Tuesday Blitz July 20 2021"]
[White "Zierk, Steven"]
[Black "Rodriguez Hernandez, Luis Daniel"]
[WhiteFideId "2034255"]
[BlackFideId "3506770"]
[WhiteElo "2494"]
[BlackElo "2133"]
[Result "0-1"]
[Round "07"]
[TimeControl "180+1"]
[Date "2021.07.20"]
[WhiteClock "0:01:20"]
[BlackClock "0:00:39"]

1. e4 e5 2. Nf3 Nc6 3. Bc4 Nf6 4. d3 Bc5 5. O-O a6 6. c3 Ba7 7. a4 O-O 8. h3 h6 9. Re1 d6 10. Nbd2 Be6 11. Bxe6 fxe6 12. b4 Nh5 13. Ra2 Nf4 14. Nf1 Qf6 15. Bxf4 Qxf4 16. d4 exd4 17. cxd4 Nxb4 18. Rb2 c5 19. dxc5 Bxc5 20. Ne3 Qxe4 21. Nc2 Qc4 22. Nxb4 Bxb4 23. Qe2 Qxe2 24. Rexe2 a5 25. Rxe6 Rae8 26. Rxe8 Rxe8 27. Rc2 Bc5 28. Kf1 Re4 29. Rb2 Rxa4 30. Rxb7 Ra2 31. Nh4 Rxf2+ 32. Ke1 a4 33. g4 Rf7 34. Rb8+ Rf8 35. Rb7 Bf2+ 36. Ke2 Bxh4 0-1


[Site "https://www.chess.com"]